Map: Apotheosis LE

Players

Nickos - Winner!

  • Race: Terran Terran
  • League: Gold

emericanzero

  • Race: Zerg Zerg
  • League: Silver

VOD

Have the link to the VOD?

Description

Time

  • Played on: Sept. 22, 2016, 6:20 a.m.
  • Length: 9:57
Show
View Real Time Build Order
Export as new Build Order

Nickos Terran - Winner!

Build Orders: MMM Bio 

Get SALT Encoding   

  12  0:01  SCV  
  13  0:13  SCV  
  14  0:18  Supply Depot  
  14  0:25  SCV  
  15  0:39  SCV  
  15  0:41  Barracks  
  16  0:51  SCV  
  17  1:03  SCV  
  18  1:16  SCV  
  19  1:25  Command Center  
  19  1:31  Marine  
  21  1:34  Supply Depot  
  20  1:40  Orbital Command  
  20  1:51  Barracks  
  20  2:08  Barracks, SCV  
  20  2:12  Marine  
  22  2:20  SCV  
  23  2:27  Refinery  
  23  2:30  Refinery  
  23  2:32  SCV  
  24  2:38  Bunker  
  24  2:43  Orbital Command  
  24  2:48  SCV  
  24  2:50  Marine x2  
  26  3:00  SCV  
  26  3:02  Barracks Tech Lab  
  27  3:12  Barracks Reactor  
  27  3:13  SCV  
  27  3:14  Marine  
  27  3:15  SCV  
  30  3:24  Marauder  
  30  3:25  Supply Depot, SCV  
  33  3:27  SCV  
  34  3:35  Barracks Reactor  
  34  3:37  SCV  
  35  3:43  SCV  
  36  3:49  SCV, Stimpack  
  38  3:55  Marine, SCV  
  38  3:56  Marine  
  38  3:59  Marauder  
  38  4:01  Barracks, SCV  
  43  4:07  SCV  
  44  4:13  SCV, Marine x3  
  48  4:17  Barracks  
  48  4:20  Supply Depot  
  48  4:23  SCV  
  49  4:25  SCV  
  49  4:29  Marine  
  53  4:31  Marauder  
  53  4:35  SCV  
  54  4:41  SCV, Marine x2  
  57  4:45  Supply Depot  
  57  4:46  Factory  
  57  4:47  SCV  
  57  4:49  Barracks Tech Lab  
  57  4:50  Marine x2  
  60  4:53  SCV  
  60  5:05  SCV x2  
  62  5:07  Marine x2  
  62  5:09  Marauder  
  62  5:10  Marauder  
  62  5:12  Barracks Reactor  
  67  5:17  Supply Depot, SCV x2  
  69  5:23  Supply Depot  
  69  5:24  Engineering Bay  
  69  5:26  Engineering Bay  
  69  5:29  SCV  
  69  5:32  SCV  
  70  5:38  Marine x4  
  70  5:39  Marauder x2  
  78  5:43  Combat Shields  
  78  5:45  Factory Reactor  
  78  5:47  Barracks  
  78  5:51  SCV x2  
  80  5:58  Supply Depot  
  80  6:00  Starport  
  80  6:01  Supply Depot  
  80  6:03  SCV x2  
  82  6:04  Marine  
  82  6:05  Marine  
  84  6:15  SCV x2  
  86  6:20  Marauder, Marine x2  
  90  6:26  Supply Depot  
  90  6:28  Supply Depot  
  90  6:31  Terran Infantry Weapons Level 1, Terran Infantry Armor Level 1  
  90  6:35  Refinery x2  
  90  6:39  Command Center  
  90  6:40  Marine x2  
  90  6:41  Marine  
  90  6:43  SCV  
  90  6:45  SCV  
  95  6:47  Marine  
  95  6:48  Marine  
  95  6:52  Marauder  
  95  6:53  Marauder  
  101  6:55  Barracks Reactor  
  101  7:01  SCV x2  
  103  7:07  Marine x2  
  103  7:08  Marine x4  
  108  7:13  Medivac, Marine  
  108  7:14  Medivac  
  108  7:15  Marauder  
  116  7:19  Supply Depot  
  116  7:21  Supply Depot  
  116  7:26  Armory, SCV  
  116  7:27  SCV  
  118  7:40  Marine x7  
  118  7:41  SCV  
  126  7:47  Marine x2  
  126  7:50  Marine  
  129  7:51  Medivac x2  
  131  7:58  Marine  
  131  8:02  Marine  
  131  8:03  Marine x5  
  131  8:05  Marine x2  
  126  8:08  Marine  
  121  8:16  Marine  
  122  8:20  Marine x2  
  122  8:21  Medivac, Marine  
  122  8:23  Marine x3  
  122  8:24  Marauder, Marine  
  122  8:26  Marauder  
  135  8:34  Marine  
  129  8:38  Marine  
  126  8:44  Marine x4  
  126  8:45  Marine  
  126  8:46  Marauder  
  126  8:47  Supply Depot  
  126  8:48  Marauder  
  135  8:52  Supply Depot  
  135  8:55  SCV x2  
  134  8:59  Planetary Fortress  
  132  9:14  Marine x3  
  132  9:15  Marine x2  
  136  9:17  Marine x3  
  136  9:20  SCV x2  
  147  9:24  Marine x2  
  148  9:32  SCV  
Show
View Real Time Build Order
Export as new Build Order

emericanzero Zerg 

Build Orders: Hatch First 

Get SALT Encoding   

  12  0:01  Drone  
  13  0:12  Overlord  
  13  0:18  Drone  
  14  0:28  Drone, Extractor  
  13  0:30  Drone  
  15  0:36  Drone  
  16  0:48  Drone  
  17  1:01  Hatchery  
  16  1:07  Drone  
  17  1:20  Spawning Pool  
  17  1:21  Drone  
  17  1:25  Drone  
  18  1:29  Drone  
  19  1:38  Drone  
  20  1:50  Drone  
  21  2:00  Drone  
  22  2:10  Overlord  
  22  2:13  Queen  
  24  2:15  Zergling x2  
  24  2:21  Zergling x2  
  26  2:23  Queen  
  26  2:25  Overlord  
  28  2:31  Metabolic Boost  
  28  2:33  Zergling x2  
  29  2:49  Zergling x6  
  32  3:04  Spore Crawler, Drone, Spine Crawler  
  32  3:05  Drone x2, Spine Crawler  
  32  3:10  Drone  
  33  3:16  Lair  
  33  3:24  Evolution Chamber  
  33  3:26  Drone  
  33  3:28  Drone  
  33  3:31  Drone  
  35  3:37  Drone x2  
  35  3:40  Drone  
  38  3:47  Queen  
  40  3:50  Drone  
  41  3:56  Zerg Missile Weapons Level 1  
  41  3:58  Drone  
  42  4:05  Overlord  
  42  4:08  Drone x2  
  44  4:14  Spine Crawler  
  43  4:17  Drone  
  43  4:19  Spine Crawler  
  43  4:20  Drone  
  43  4:23  Drone  
  45  4:26  Overlord  
  45  4:37  Drone x3  
  48  4:50  Drone x3  
  48  5:03  Drone x2  
  49  5:11  Drone x4  
  49  5:14  Extractor  
  52  5:15  Extractor  
  52  5:16  Drone  
  52  5:20  Hatchery  
  51  5:23  Drone x2  
  51  5:24  Extractor  
  52  5:42  Drone x2  
  54  5:59  Drone, Hydralisk Den  
  54  6:00  Drone x3  
  57  6:05  Zerg Missile Weapons Level 2  
  57  6:07  Drone  
  57  6:08  Drone  
  59  6:17  Overlord x4  
  59  6:32  Muscular Augments  
  59  6:34  Drone x3  
  59  6:35  Drone x2  
  59  6:36  Drone x2  
  59  6:38  Queen  
  68  6:53  Hydralisk x3  
  68  6:54  Hydralisk x4  
  72  6:58  Overlord  
  72  6:59  Drone  
  83  7:07  Drone  
  83  7:08  Drone x4  
  88  7:10  Extractor  
  88  7:11  Hydralisk, Extractor  
  88  7:18  Drone  
  88  7:19  Drone  
  90  7:25  Drone  
  90  7:26  Drone  
  92  7:36  Zergling x14  
  99  7:46  Hydralisk x2  
  101  7:52  Hydralisk x2  
  101  8:00  Hydralisk x3  
  101  8:01  Hydralisk  
  96  8:07  Hydralisk x2  
  96  8:11  Hydralisk  
  92  8:16  Zergling x2  
  92  8:17  Zergling x2  
  91  8:20  Spine Crawler  
  91  8:21  Hydralisk  
  76  8:28  Hydralisk x2  
  65  8:39  Hydralisk x3  
  67  8:44  Hydralisk  
  63  8:48  Hydralisk x2  
  63  8:54  Hydralisk  
  65  9:00  Hydralisk  
  61  9:10  Spine Crawler  
  61  9:11  Spine Crawler  
  61  9:15  Zergling x6  
  54  9:20  Hydralisk  
  52  9:28  Hydralisk  
  44  9:34  Spine Crawler  
  44  9:35  Spine Crawler  
Tags
 
Composition
MMM Bio
Matchup
TvZ
Replay Pack
Nickos replay
Add a new tag
Caveats
  • Supply blocks, unpowered buildings, or Contaminate may cause inaccurate times.
  • Supply counts are checked every 10 seconds.